 Dungeon Crawl Stone Soup version 0.24-a0-536-gdd4cf15266 (webtiles) character file.

Game seed: 2915870260332687957

946 Norm the Cudgeler (level 8, -6/78 HPs)
             Began as an Ogre Abyssal Knight on Aug 11, 2019.
             Was a Believer of Lugonu.
             Mangled by an ogre
             ... wielding a +0 giant club
              (26 damage)
             ... on level 4 of the Dungeon.
             The game lasted 00:19:02 (7773 turns).

Norm the Cudgeler (Ogre Abyssal Knight)             Turns: 7773, Time: 00:19:03

Health: -6/78      AC:  4    Str: 17    XL:     8   Next: 13%
Magic:  11/12      EV: 14    Int: 15    God:    Lugonu [**....]
Gold:   235        SH:  0    Dex: 13    Spells: 7/7 levels left

rFire    . . .     SeeInvis .   p - +0 morningstar
rCold    . . .     Gourm    .   (no shield)
rNeg     . . .     Faith    .   b - +1 robe
rPois    .         Spirit   .   (helmet restricted)
rElec    .         Reflect  .   (no cloak)
rCorr    +         Harm     .   (gloves unavailable)
MR       .....                  (boots unavailable)
Stlth    ++........             u - amulet of rage
HPRegen  0.23/turn              j - ring of resist corrosion
MPRegen  0.13/turn              (no ring)

@: agile, heavily drained
A: large, unfitting armour, tough skin 1
a: Depart the Abyss, Bend Space, Renounce Religion, Evoke Berserk Rage


You were on level 4 of the Dungeon.
You worshipped Lugonu.
Lugonu was pleased with you.
You were not hungry.

You visited 1 branch of the dungeon, and saw 5 of its levels.
You visited the Abyss 1 time.

You collected 235 gold pieces.

Inventory:

Hand Weapons
 a - a +1 mace
 n - a +0 flail
 p - a +0 morningstar (weapon)
 v - a +1 shortbow of velocity
Missiles
 d - 112 arrows
 e - 190 stones (quivered)
 s - 20 sling bullets
 t - a throwing net
Armour
 b - a +1 robe (worn)
Jewellery
 j - a ring of resist corrosion (left hand)
 u - an amulet of rage (around neck)
Scrolls
 h - 2 scrolls of fog {unknown}
 k - a scroll of noise {unknown}
 m - 3 scrolls of remove curse
 o - 2 scrolls of fear
 q - a scroll of teleportation {unknown}
Potions
 f - 4 potions of curing
 i - a potion of haste
 l - a potion of might
Comestibles
 c - 11 rations
 g - 5 chunks of flesh


   Skills:
 - Level 4.0(2.6) Fighting
 * Level 7.0(5.5) Maces & Flails
 - Level 2.1(0.8) Dodging
 + Level 5.9(4.5) Invocations


You had 7 spell levels left.
You didn't know any spells.
Your spell library was empty.

Dungeon Overview and Level Annotations

Branches:
Dungeon (5/15)             Temple (0/1) D:4

Altars:

Annotations:
D:4 Eustachio, Natasha


Innate Abilities, Weirdness & Mutations

You are too large for most types of armour.
You have tough skin. (AC +1)


Message History

There is a stone staircase leading down here.
You barely miss the ogre. The ogre misses you.
You barely miss the ogre. The ogre hits you with a +0 giant club!
You sock the ogre!
The ogre is heavily wounded.
The ogre hits you with a +0 giant club!!
* * * LOW HITPOINT WARNING * * *
Unknown command.
Okay, then.
Space bends around you!
You blink.
You feel better.
It was a potion of agility.
You feel agile all of a sudden.
You sock the ogre!
The ogre is severely wounded.
The ogre closely misses you.
You hit the ogre.
The ogre is almost dead.
The ogre hits you with a +0 giant club!!
You die...

#.......###### #.#
###...>...#....#########.#
#.#.......#..............#
#.#.......#....###########
########.####'####.)..#
.......'.........>....#
######.#.......).....## #
#.#........O....# #
#.#........@....# #
#Z########......# ## .O.
######## .# #.... .##
#..... ..# #...... ..#
#......# #.# #......# #.#
...


You could see an ogre.

Vanquished Creatures
  Sigmund (D:2)
  2 phantoms
  A centaur (D:5)
  A bullfrog (D:5)
  2 scorpions
  A crimson imp (D:4)
  2 bullfrog skeletons
  An orc priest (D:5)
  An iguana (D:3)
  3 worker ants
  4 gnolls
  4 adders
  An ooze (D:3)
  2 adder skeletons (D:5)
  2 worms (D:3)
  A dart slug (D:1)
  2 leopard geckos
  7 orcs
  2 ball pythons
  A giant cockroach (D:1)
  4 goblins
  10 hobgoblins
  6 jackals
  4 quokkas
  3 bats
  A jackal skeleton (D:5)
  4 kobolds
  A quokka skeleton (D:5)
  7 rats
81 creatures vanquished.

Notes
Turn   | Place    | Note
-------+----------+-------------------------------------------
     0 | Abyss:1  | Norm the Ogre Abyssal Knight began the quest for the Orb.
     0 | Abyss:1  | Reached XP level 1. HP: 24/24 MP: 2/2
    28 | D:1      | Escaped the Abyss
    66 | D:1      | Reached skill level 2 in Maces & Flails
   130 | D:1      | Reached XP level 2. HP: 32/32 MP: 3/3
   774 | D:2      | Reached XP level 3. HP: 37/39 MP: 4/4
   964 | D:2      | Reached ** piety under Lugonu
  1150 | D:2      | Noticed Sigmund
  1375 | D:1      | Reached skill level 3 in Maces & Flails
  1513 | D:2      | Killed Sigmund
  1513 | D:2      | Reached skill level 4 in Maces & Flails
  1513 | D:2      | Reached XP level 4. HP: 10/48 MP: 6/6
  1513 | D:2      | Reached XP level 5. HP: 12/54 MP: 7/7
  2278 | D:3      | Reached XP level 6. HP: 34/62 MP: 7/9
  3177 | D:4      | Found a staircase to the Ecumenical Temple.
  3445 | D:4      | Reached skill level 5 in Maces & Flails
  3743 | D:4      | Noticed Eustachio
  5276 | D:4      | Reached XP level 7. HP: 59/70 MP: 10/10
  6302 | D:4      | Reached skill level 5 in Invocations
  6540 | D:4      | Noticed Natasha
  6550 | D:5      | Entered Level 5 of the Dungeon
  6746 | D:5      | Reached skill level 6 in Maces & Flails
  7578 | D:5      | Reached XP level 8. HP: 69/78 MP: 12/12
  7752 | D:5      | Reached skill level 7 in Maces & Flails
  7773 | D:4      | Mangled by an ogre

Levels and vault maps discovered:
D:1:      sevenhm_arrival_forest_fort_large_3, layout_rooms
D:2:      layout_rooms, uniq_sigmund
D:3:      layout_loops_ring
D:4:      layout_basic, temple_green, first_ration, uniq_natasha, uniq_eustachio
D:5:      layout_basic, xom_teletrap_fun, uniq_grinder

Skill      XL: |  1  2  3  4  5  6  7  8 |
---------------+-------------------------+-----
Maces & Flails | 2 4 5 6 7 |  7.0
Invocations    | 3 4 5 |  5.9
Fighting       | |  4.0
Dodging        | |  2.1

Action                   |  1- 3 |  4- 6 |  7- 9 || total
-------------------------+-------+-------+-------++-------
Melee: Mace              |   122 |   109 |       ||   231
       Morningstar       |       |    74 |   123 ||   197
Invok: Bend Space        |       |       |     1 ||     1
  Use: Scroll            |     4 |     1 |     4 ||     9
       Potion            |     1 |       |     2 ||     3
 Stab: Invisible         |     2 |       |       ||     2
       Sleeping          |       |     1 |       ||     1
  Eat: Chunk             |     2 |     6 |     4 ||    12
       Ration            |       |     2 |     1 ||     3
Armor: Robe              |    29 |    79 |    32 ||   140
Dodge: Dodged            |    76 |   121 |    61 ||   258

Table legend:
 A = Non-vault XP
 B = Vault XP
 C = Vault XP percentage of total XP
 D = Non-vault monster count
 E = Vault monster count
 F = Vault count percentage of total count
                 A         B        C        D         E       F
            +---------+---------+-------+---------+---------+-------
      Total |    1144 |     208 |  15.4 |      80 |       1 |   1.2
            +---------+---------+-------+---------+---------+-------
        D:1 |      49 |       0 |   0.0 |      21 |       0 |   0.0
        D:2 |      17 |     208 |  92.4 |       9 |       1 |  10.0
        D:3 |     137 |       0 |   0.0 |      23 |       0 |   0.0
        D:4 |     394 |       0 |   0.0 |      11 |       0 |   0.0
        D:5 |     547 |       0 |   0.0 |      16 |       0 |   0.0
            +---------+---------+-------+---------+---------+-------
